 Dungeon Crawl Stone Soup version 0.31.0-9-g3a7656b989 (webtiles) character file.

Game seed: 7444774923421966196

43331 Baz the Warrior (level 14, 0/115 HPs)
             Began as a Djinni Fire Elementalist on Jan 29, 2024.
             Slain by a wyvern (2 damage)
             ... on level 5 of the Lair of Beasts.
             The game lasted 00:37:40 (19308 turns).

Baz the Warrior (Djinni Fire Elementalist)         Turns: 19308, Time: 00:37:42

Health: 0/115      AC: 17    Str:  7    XL:     14   Next: 60%
Gold:   1064       EV: 11    Int: 22    God:
                   SH:  0    Dex: 14

rFire   + + .        G - +8 whip "Snakebite" {venom, curare, rPois}
rCold   x . .        (no shield)
rNeg    + . .        w - +0 swamp dragon scales
rPois   ∞            i - +0 helmet
rElec   .            (no cloak)
rCorr   .            d - +0 pair of gloves
SInv    .            (boots unavailable)
Will    +....        (no amulet)
Stlth   +            F - +4 ring of protection
HPRegen 0.39/turn    M - ring of positive energy
MPRegen 0.00/turn

%: infuse magic (-1 HP)
@: forested, flying
A: sickness immunity, fire resistance 2, cold vulnerability 1, float, innate
caster, HP casting, extra vitality 1
a: no special abilities


You were on level 5 of the Lair of Beasts.
You visited 2 branches of the dungeon, and saw 16 of its levels.
You also visited: Ossuary.

You collected 1064 gold pieces.

Inventory:

Hand Weapons
 x - a +6 dagger
 z - a +1 whip of freezing
 G - the +8 whip "Snakebite" (weapon) {venom, curare, rPois}
   (You took it off Amaemon on level 8 of the Dungeon)

   rPois:     It protects you from poison
Armour
 a - a +0 robe
 d - a +0 pair of gloves (worn)
 g - a scarf of harm
 i - a +0 helmet (worn)
 q - a +4 ring mail of poison resistance
 w - +0 swamp dragon scales (worn)
 N - the +4 chain mail "Mossuasch" {rN+ Regen+}
   (You found it on level 4 of the Lair of Beasts)

   rN+:       It protects you from negative energy.
   Regen+:    It increases your rate of health regeneration.
Magical Staves
 O - a staff of fire
Jewellery
 F - a +4 ring of protection (left hand)
 M - a ring of positive energy (right hand)
Wands
 r - a wand of flame (15)
 y - a wand of iceblast (15)
 C - a wand of charming (17)
 H - a wand of mindburst (3)
 I - a wand of light (13)
 R - a wand of digging (3)
Scrolls
 c - 3 scrolls of vulnerability
 e - 7 scrolls of poison
 h - 3 scrolls of torment
 m - 6 scrolls of revelation {unknown}
 n - 12 scrolls of teleportation {unknown}
 s - 2 scrolls of silence
 t - 2 scrolls of fear
 A - a scroll of noise
 B - a scroll of enchant armour
 D - 2 scrolls of immolation
 P - 3 scrolls of enchant weapon {unknown}
 Q - a scroll of brand weapon
Potions
 b - a potion of degeneration
 f - 3 potions of resistance
 j - 3 potions of might
 k - 3 potions of heal wounds
 l - 5 potions of attraction
 o - 3 potions of haste
 p - 8 potions of curing {unknown}
 u - 5 potions of cancellation
 v - 2 potions of mutation {unknown}
 E - 2 potions of lignification
 J - a potion of berserk rage {unknown}
 K - 2 potions of enlightenment {unknown}
 L - a potion of brilliance {unknown}


   Skills:
 * Level 15.9 Fighting
 - Level 10.4 Armour
 + Level 4.7 Dodging
 - Level 1.6 Stealth
 * Level 12.1 Spellcasting
 * Level 12.1 Conjurations
 * Level 12.1 Hexes
   Level 0.0 Charms
 * Level 12.1 Summonings
 * Level 12.1 Necromancy
 * Level 12.1 Translocations
   Level 0.0 Transmutations
 * Level 12.1 Fire Magic
 * Level 12.1 Ice Magic
 * Level 12.1 Air Magic
 * Level 12.1 Earth Magic
 * Level 12.1 Alchemy


You knew the following spells:

 Your Spells              Type           Power      Damage    Failure   Level
a - Foxfire               Conj/Fire      100%       2x1d9     1%          1
b - Scorch                Fire           100%       2d9       1%          2
c - Volatile Blastmotes   Fire/Tloc      100%       2d18      1%          3
d - Inner Flame           Hex/Fire       61%        N/A       1%          3
e - Flame Wave            Conj/Fire      61%        2d14      1%          4
f - Sandblast             Erth           100%       2d20      1%          1
g - Searing Ray           Conj           100%       2d8       1%          2
h - Fugue of the Fallen   Necr           61%        N/A       1%          3
i - Manifold Assault      Tloc           61%        N/A       1%          4
j - Olgreb's Toxic Radia  Alch           61%        N/A       1%          4
k - Summon Forest         Summ/Tloc      30%        N/A       2%          5
Your spell library was empty.

Dungeon Overview and Level Annotations

Branches:
Dungeon (11/15)            Temple (0/1) D:4            Lair (5/5) D:11
 Shoals (0/4) Lair:3       Spider (0/4) Lair:2        Slime (0/5) Lair:5
    Orc (0/2) D:11        Ossuary (visited)

Altars:
Elyvilon
Hepliaklqana
Okawaru
Qazlal
Trog
Jiyva

Shops:
D:2 =


Innate Abilities, Weirdness & Mutations

You are immune to sickness and miasma.
You are immune to poison.
Your flesh is very heat resistant. (rF++)
You are vulnerable to cold. (rC-)
You float through the air rather than walking.
You learn spells naturally, not from books.
Your magical power is your life essence.
You have superior vitality. (+4 MHP)


Message History

The molten gargoyle is almost destroyed.
The black mamba bites you. The wyvern bites you.
The molten gargoyle hits you with a +0 mace!
You are engulfed in flames.
You resist.
The wyvern bites you but does no damage.
The black mamba bites you.
* * * LOW HITPOINT WARNING * * *
The searing ray hits the molten gargoyle.
You destroy the molten gargoyle!
The searing ray hits the komodo dragon.
The komodo dragon is moderately wounded.
* * * LOW HITPOINT WARNING * * *
The black mamba bites you.
* * * LOW HITPOINT WARNING * * *
The wyvern completely misses you.
The black mamba bites you but does no damage.
Unknown command.
The wyvern attacks as it pursues you!
The wyvern bites you but does no damage.
The wyvern bites you.
* * * LOW HITPOINT WARNING * * *
The black mamba bites you!
* * * LOW HITPOINT WARNING * * *
The komodo dragon is no longer more vulnerable to fire.
The wyvern attacks as it pursues you!
The wyvern bites you but does no damage.
The wyvern bites you.
* * * LOW HITPOINT WARNING * * *
You closely miss the wyvern. Your punch misses the wyvern.
The wyvern is heavily wounded.
The wyvern bites you but does no damage.
Unknown command.
Unknown command.
You hit the wyvern but do no damage.
The wyvern is poisoned.
The wyvern struggles to breathe.
The wyvern seems to slow down.
The wyvern is almost dead.
The wyvern bites you!
* * * LOW HITPOINT WARNING * * *
The wyvern bites you.
You die...

#####..##♣♣♣.....♣8♣8#
... #
#####8#)........## #
♣#.....♣....8## ≈#
#8.♣..♣..♣....≈ ≈≈≈
##.....#.....#≈ ##≈≈
#...)l♣§....##
≈≈≈≈≈##♣...§≈...##
#§≈≈♣†.♣§≈≈k#♣#≈##
#≈..≈≈≈..≈@§≈§≈#
#...#.≈.##♣♣#♣≈§#
#....##♣§.## ...# §..
8.k.. #≈§# ... . #...
.≈≈§# .. l.. .≈§≈# k
§≈§#


You could see a komodo dragon and a wyvern (very poisoned, slow).

Vanquished Creatures
  A hydra (Lair:4)
  3 two-headed ogres
  Amaemon (D:8)
  A fire crab (Lair:5)
  Pikel (D:6)
  An orc knight (D:10)
  A deep elf pyromancer (D:9)
  A lindwurm (Lair:5)
  2 manticores
  Maurice (D:9)
  A cyclops (D:11)
  A molten gargoyle (Lair:5)
  14 elephants
  An orange demon (D:8)
  7 black mambas
  9 cane toads
  An unseen horror zombie (D:8)
  An unseen horror (D:10)
  4 komodo dragons
  Psyche (D:9)
  3 trolls
  A polar bear (Lair:4)
  2 hornets
  A tarantella (Lair:2)
  8 blink frogs (Lair:2)
  A jumping spider (Lair:2)
  2 basilisks
  31 yaks
  7 wyverns
  6 vampire mosquitoes (D:11)
  2 steam dragons (D:8)
  2 acid dragons
  15 water moccasins
  2 black bears
  9 orc warriors
  A sky beast (D:5)
  2 hornet zombies (D:8)
  An ogre (D:5)
  5 wolves
  3 centaurs
  2 phantoms (D:6)
  A lemure (D:6)
  A kobold brigand (D:7)
  A weeping skull (Ossuary)
  9 bullfrogs
  5 water moccasin zombies (Ossuary)
  5 wights (D:8)
  10 killer bees
  A howler monkey (D:4)
  5 centaur zombies (D:8)
  3 hounds
  A bombardier beetle (D:5)
  A gnoll bouda (D:7)
  4 jellies
  12 orc priests
  A quasit (D:5)
  4 iguanas
  Terence (D:3)
  Natasha (thrice) (D:2)
  A sleepcap (D:7)
  11 orc wizards
  A killer bee zombie (D:8)
  2 crocodile zombies (Ossuary)
  3 mummies
  9 gnolls
  6 adders
  3 shadow imps (D:5)
  2 white imps
  4 ufetubi
  3 adder zombies (Ossuary)
  A ribbon worm (D:4)
  3 dart slugs
  44 orcs
  7 ball pythons
  3 endoplasms
  A giant cockroach (D:1)
  10 gnoll zombies (Ossuary)
  8 goblins
  5 hobgoblins
  6 jackals (D:1)
  16 kobolds
  6 quokkas
  6 bats
  2 frilled lizards
  2 goblin zombies (D:4)
  2 jackal zombies (Ossuary)
  2 orc zombies (Ossuary)
  6 rats
402 creatures vanquished.

Vanquished Creatures (collateral kills)
  3 hydras
  A skyshark (Lair:5)
  5 elephants (Lair:5)
  A molten gargoyle (Lair:5)
  2 black mambas (Lair:5)
  2 cane toads (Lair:4)
  2 komodo dragons (Lair:5)
  A rime drake (Lair:4)
  4 blink frogs (Lair:4)
  A wyvern (Lair:5)
  2 basilisks (Lair:5)
  A water moccasin (Lair:5)
  2 wolves (Lair:5)
  23 foxfires
50 creatures vanquished.

Vanquished Creatures (others)
  A catoblepas (D:10)
  1579 foxfires
  2 snaplasher vines (Lair:4)
1582 creatures vanquished.

Grand Total: 2034 creatures vanquished

Notes
Turn   | Place    | Note
-------+----------+-------------------------------------------
     0 | D:1      | Baz the Djinni Fire Elementalist began the quest for the
                  | Orb.
     0 | D:1      | Baz set off with the following spells memorised: Foxfire,
                  | Scorch, Volatile Blastmotes, Inner Flame, Flame Wave.
     0 | D:1      | Reached XP level 1. HP: 15/15 MP: 0/0
   161 | D:1      | Reached XP level 2. HP: 15/21 MP: 0/0
   300 | D:1      | Reached skill level 1 in Fighting
   363 | D:1      | Reached XP level 3. HP: 23/27 MP: 0/0
   363 | D:1      | Learned a level 1 spell: Sandblast
  1052 | D:2      | Noticed Natasha
  1059 | D:2      | Killed Natasha
  1060 | D:2      | Reached skill level 2 in Fighting
  1060 | D:2      | Reached XP level 4. HP: 28/33 MP: 0/0
  1080 | D:2      | Found Weuceshu's Jewellery Boutique.
  1170 | D:2      | Noticed Natasha
  1179 | D:2      | Killed Natasha
  1180 | D:2      | Reached XP level 5. HP: 30/39 MP: 0/0
  1180 | D:2      | Learned a level 2 spell: Searing Ray
  1236 | D:2      | Found a faded altar of an unknown god.
  1483 | D:2      | Noticed Natasha
  1489 | D:2      | Killed Natasha
  2000 | D:3      | Reached skill level 3 in Fighting
  2394 | D:3      | Reached XP level 6. HP: 43/46 MP: 0/0
  2546 | D:3      | Found the +7 sceptre of Torment {pain, torment}
  2589 | D:3      | Noticed Terence
  2600 | D:3      | Killed Terence
  2794 | D:4      | Found a stormy altar of Qazlal.
  3067 | D:4      | Found a staircase to the Ecumenical Temple.
  3153 | D:4      | Found a sand-covered staircase.
  3160 | Ossuary  | Entered an ossuary
  3216 | Ossuary  | Reached skill level 4 in Fighting
  3216 | Ossuary  | Reached skill level 1 in Armour
  3216 | Ossuary  | Reached XP level 7. HP: 40/52 MP: 0/0
  3216 | Ossuary  | Learned a level 3 spell: Fugue of the Fallen
  3663 | Ossuary  | Reached skill level 5 in Fighting
  3706 | Ossuary  | Reached XP level 8. HP: 32/59 MP: 0/0
  3709 | Ossuary  | Reached skill level 5 in Spellcasting
  3709 | Ossuary  | Reached skill level 5 in Conjurations
  3709 | Ossuary  | Reached skill level 5 in Hexes
  3709 | Ossuary  | Reached skill level 5 in Summonings
  3709 | Ossuary  | Reached skill level 5 in Necromancy
  3709 | Ossuary  | Reached skill level 5 in Translocations
  3709 | Ossuary  | Reached skill level 5 in Fire Magic
  3709 | Ossuary  | Reached skill level 5 in Ice Magic
  3709 | Ossuary  | Reached skill level 5 in Air Magic
  3709 | Ossuary  | Reached skill level 5 in Earth Magic
  3709 | Ossuary  | Reached skill level 5 in Alchemy
  4737 | D:5      | Entered Level 5 of the Dungeon
  4739 | D:5      | Reached skill level 6 in Fighting
  4981 | D:5      | Found a white marble altar of Elyvilon.
  5457 | D:5      | Reached XP level 9. HP: 64/67 MP: 0/0
  5457 | D:5      | Learned a level 4 spell: Manifold Assault
  5671 | D:5      | Reached skill level 7 in Fighting
  6501 | D:6      | Noticed Pikel
  6520 | D:6      | Killed Pikel
  6521 | D:6      | Reached skill level 8 in Fighting
  7348 | D:7      | Found an iron altar of Okawaru.
  7357 | D:7      | Reached XP level 10. HP: 60/77 MP: 0/0
  7443 | D:7      | Reached skill level 5 in Armour
  7486 | D:7      | Found a hazy altar of Hepliaklqana.
  7900 | D:7      | Reached skill level 9 in Fighting
  8277 | D:8      | Found a bloodstained altar of Trog.
  8286 | D:8      | Noticed an orange demon
  8672 | D:8      | Noticed Amaemon
  9089 | D:8      | Killed Amaemon
  9090 | D:8      | Reached skill level 10 in Fighting
  9097 | D:8      | Killed an orange demon
  9098 | D:8      | Reached XP level 11. HP: 12/85 MP: 0/0
  9098 | D:8      | Learned a level 4 spell: Olgreb's Toxic Radiance
  9953 | D:9      | Noticed Psyche
  9956 | D:9      | Killed Psyche
  9988 | D:9      | Noticed Maurice
 10001 | D:9      | Something stole 507 gold
 10005 | D:9      | Something stole a +6 dagger
 10009 | D:9      | Killed Maurice
 10165 | D:9      | Noticed a deep elf pyromancer
 10175 | D:9      | Killed a deep elf pyromancer
 10176 | D:9      | Reached skill level 11 in Fighting
 11094 | D:10     | Entered Level 10 of the Dungeon
 11102 | D:10     | Noticed a two-headed ogre
 11110 | D:10     | Killed a two-headed ogre
 11122 | D:10     | Noticed a two-headed ogre
 11236 | D:9      | Killed a two-headed ogre
 11504 | D:10     | Identified the +2 war axe of Doubt {venom, rF+}
 11582 | D:10     | Noticed an orc knight
 11586 | D:10     | Noticed a manticore
 11592 | D:10     | Killed a manticore
 11593 | D:10     | Reached skill level 12 in Fighting
 11593 | D:10     | Reached XP level 12. HP: 24/95 MP: 0/0
 11594 | D:10     | Noticed a four-headed hydra
 11596 | D:10     | Noticed a catoblepas
 11621 | D:10     | Killed a catoblepas
 11836 | D:10     | Noticed a two-headed ogre
 11844 | D:10     | Killed a two-headed ogre
 12030 | D:10     | Noticed a green very ugly thing
 12423 | D:11     | Found a staircase to the Lair.
 12691 | D:11     | Found a staircase to the Orcish Mines.
 13094 | Lair:1   | Entered Level 1 of the Lair of Beasts
 13129 | Lair:1   | Reached skill level 10 in Spellcasting
 13129 | Lair:1   | Reached skill level 10 in Conjurations
 13129 | Lair:1   | Reached skill level 10 in Hexes
 13129 | Lair:1   | Reached skill level 10 in Summonings
 13129 | Lair:1   | Reached skill level 10 in Necromancy
 13129 | Lair:1   | Reached skill level 10 in Translocations
 13129 | Lair:1   | Reached skill level 10 in Fire Magic
 13129 | Lair:1   | Reached skill level 10 in Ice Magic
 13129 | Lair:1   | Reached skill level 10 in Air Magic
 13129 | Lair:1   | Reached skill level 10 in Earth Magic
 13129 | Lair:1   | Reached skill level 10 in Alchemy
 13132 | Lair:1   | Reached skill level 13 in Fighting
 13344 | Lair:1   | Reached XP level 13. HP: 31/103 MP: 0/0
 13344 | Lair:1   | Learned a level 5 spell: Summon Forest
 14230 | Lair:2   | Found a hole to the Spider Nest.
 14374 | Lair:2   | Reached skill level 14 in Fighting
 16093 | Lair:3   | Noticed an eight-headed hydra
 16100 | Lair:3   | Killed an eight-headed hydra
 16242 | Lair:3   | Identified the +5 mace "Zepnayt" {venom, +Blink Int+4}
 16734 | Lair:3   | Reached skill level 10 in Armour
 16745 | Lair:3   | Noticed a six-headed hydra
 16758 | Lair:3   | Killed a six-headed hydra
 16983 | Lair:3   | Found a staircase to the Shoals.
 16995 | Lair:3   | Reached skill level 15 in Fighting
 16995 | Lair:3   | Reached XP level 14. HP: 80/114 MP: 0/0
 18052 | Lair:4   | Identified the +4 chain mail "Mossuasch" {rN+ Regen+}
 18461 | Lair:5   | Entered Level 5 of the Lair of Beasts
 18728 | Lair:5   | Found a staircase to the Slime Pits.
 18764 | Lair:5   | Found a viscous altar of Jiyva.
 19308 | Lair:5   | HP: 2/115 [wyvern (10)]
 19308 | Lair:5   | Slain by a wyvern

Illustrated notes

Levels and vault maps discovered:
D:1:      dpeg_arrival_water_fire, layout_rooms, kennysheep_minor_cross,
          chequers_serial_rivers_micro_d, st_stairs_3, minivault_19,
          hangedman_glass_teeth, serial_park_tiny_pond, chequers_mini_garden,
          minmay_tripent
D:2:      layout_loops_ring, shapermc_ecumenical_altar_mp_urbaneastern,
          serial_shops, shop, uniq_natasha
D:3:      layout_loops_ring, uniq_terence
D:4:      layout_gridville, grunt_qazlal_clouds, minmay_temple_entry_arrows,
          nicolae_ossuary_entry_giza
D:5:      layout_cave_pools, mainiacjoe_overflow_tiny_flanked, serial_demonic,
          serial_demonic_d, serial_demonic_g, serial_demonic_f,
          serial_demonic_d, hangedman_decor_growths, nrook_mini_vaults,
          minmay_misc_feat_secret_circle, st_stairs_1
D:6:      layout_loops_corners, mainiacjoe_overflow_small_starburst, uniq_pikel
D:7:      layout_loops_cross, mainiacjoe_overflow_large_starburst,
          grunt_ministairs_4, minmay_misc_feat_alley
D:8:      layout_basic, mainiacjoe_overflow_chevrons, serial_undead,
          serial_undead_c, serial_undead_f, serial_undead_c, serial_undead_a,
          uniq_amaemon
D:9:      layout_roguey, uniq_maurice, uniq_psyche
D:10:     minmay_the_grid_octo_2x2 [minmay_the_grid_octo_77,
          minmay_the_grid_octo_fat_diamond, minmay_the_grid_octo_chip,
          minmay_the_grid_octo_prize_ultimate_mussel_roller], layout_long_grid,
          minivault_25_ag
D:11:     layout_irregular_city, lair_entry_dummy, david_orc_3,
          chequers_arboretum
Lair:1:   layout_gridlike, serial_rivers, chequers_serial_rivers_room_a,
          chequers_serial_rivers_marsh, chequers_serial_rivers_micro_d,
          chequers_serial_rivers_small_3, chequers_serial_rivers_small_a,
          chequers_serial_rivers_marsh
Lair:2:   layout_chaotic_city, spider_nest_entry_rubble
Lair:3:   statuecave_lemuel, layout_long_grid,
          mainiacjoe_shoals_entry_four_pools, grunt_megastairs_1
Lair:4:   layout_hall_layers, infiniplex_staircase_pool
Lair:5:   cheibrodos_lair_end_hotspot, layout_long_grid,
          nicolae_slime_entry_field_trip

Skill      XL: |  1  2  3  4  5  6  7  8  9 10 11 12 13 14 |
---------------+-------------------------------------------+-----
Fighting       | 1 2 3 4 5 6 8 10 12 13 15 | 15.9
Dodging        | 3 4 |  4.7
Spellcasting   | 4 5 6 8 9 10 11 12 | 12.1
Conjurations   | 4 5 6 8 9 10 11 12 | 12.1
Hexes          | 4 5 6 8 9 10 11 12 | 12.1
Summonings     | 4 5 6 8 9 10 11 12 | 12.1
Necromancy     | 4 5 6 8 9 10 11 12 | 12.1
Translocations | 4 5 6 8 9 10 11 12 | 12.1
Fire Magic     | 4 5 6 8 9 10 11 12 | 12.1
Ice Magic      | 4 5 6 8 9 10 11 12 | 12.1
Air Magic      | 4 5 6 8 9 10 11 12 | 12.1
Earth Magic    | 4 5 6 8 9 10 11 12 | 12.1
Alchemy        | 4 5 6 8 9 10 11 12 | 12.1
Armour         | 1 2 3 4 6 7 8 10 | 10.4
Stealth        | |  1.6

Action                     |  1- 3 |  4- 6 |  7- 9 | 10-12 | 13-15 || total
---------------------------+-------+-------+-------+-------+-------++-------
  Melee: Unarmed           |     2 |     4 |     3 |       |       ||     9
         Dagger            |       |       |       |     1 |       ||     1
         Whip              |       |       |       |    37 |    77 ||   114
         Punch             |       |       |       |       |     5 ||     5
   Cast: Foxfire           |    93 |   168 |   273 |   215 |   168 ||   917
         Scorch            |     2 |     4 |    41 |    64 |    37 ||   148
         Volatile Blastmot |       |       |     1 |       |       ||     1
         Flame Wave        |       |       |     2 |    42 |    22 ||    66
         Olgreb's Toxic Ra |       |       |       |    20 |    24 ||    44
         Searing Ray       |       |       |       |     2 |     5 ||     7
         Summon Forest     |       |       |       |       |    12 ||    12
         Manifold Assault  |       |       |       |       |     4 ||     4
    Use: Scroll            |       |     3 |       |     7 |     7 ||    17
         Potion            |       |       |     1 |       |       ||     1
   Stab: Distracted        |       |       |       |       |     1 ||     1
 Armour: Robe              |    13 |     8 |       |       |       ||    21
         Ring mail         |       |    14 |    46 |       |       ||    60
         Skin              |       |       |    10 |       |       ||    10
         Swamp dragon scal |       |       |    80 |   235 |   184 ||   499
  Dodge: Dodged            |    23 |    21 |    74 |   108 |   105 ||   331
